 Dungeon Sprint DCSS version 0.17-a0-1951-g62301d3 (webtiles) character file.

1880 Kidiri the Covert (level 8, -5/36 HPs)
             Began as a Spriggan Enchanter on Oct 2, 2015.
             Slain by a yaktaur (10 damage)
             ... in the Dungeon (Sprint II: "The Violet Keep of Menkaure").
             The game lasted 00:06:14 (710 turns).

Kidiri the Covert (Spriggan Enchanter)               Turns: 710, Time: 00:06:14

Health: -5/36      AC:  3    Str:  4    XL:     8   Next: 91%
Magic:  1/23       EV: 29    Int: 17    God:
Gold:   981        SH:  0    Dex: 18    Spells: 5 memorised, 16 levels left

rFire  . . .     SeeInvis +     a - +1 dagger
rCold  . . .     Clarity  .     b - +1 robe
rNeg   . . .     SustAt   .     (shield restricted)
rPois  .         Gourm    .     (helmet restricted)
rElec  .         Spirit   .     (no cloak)
rCorr  .         Warding  .     (gloves unavailable)
rMut   .         NoTele   +     (boots unavailable)
MR     +....                    (no amulet)
Stlth  +++++++...               (no ring)
                                (no ring)

@: very slightly contaminated, very quick, somewhat resistant to hostile
enchantments, extremely stealthy
A: unfitting armour, see invisible, herbivore 3, speed 3, slow metabolism 2
a: no special abilities


You were in the Dungeon.
You were not hungry.

You visited 1 branch You collected 981 gold pieces.

Inventory:

Hand weapons
 a - a +1 dagger (weapon)
Armour
 b - a +1 robe (worn)
Scrolls
 j - a scroll of blinking
Potions
 g - a potion of haste
 h - 2 potions of magic
 i - a potion of berserk rage
Books
 c - a book of Maledictions

   Spells                             Type                      Level
   a - Corona                         Hexes                        1
   b - Ensorcelled Hibernation        Hexes/Ice                    2
   c - Confuse                        Hexes                        3
   d - Tukima's Dance                 Hexes                        3
   e - Dazzling Spray                 Conjuration/Hexes            3
Comestibles
 d - a bread ration


   Skills:
 * Level 9.6 Short Blades
 * Level 12.4 Dodging
 * Level 13.7 Stealth
 * Level 10.7 Spellcasting
 + Level 4.1 Conjurations
 + Level 8.3 Hexes
 + Level 4.4 Ice Magic


You had 16 spell levels left.
You knew the following spells:

 Your Spells              Type           Power        Failure   Level  Hunger
a - Corona                Hex            #####..      1%          1    None
b - Ensorcelled Hibernat  Hex/Ice        ####..       1%          2    None
c - Confuse               Hex            #####...     1%          3    None
d - Tukima's Dance        Hex            #####...     1%          3    None
e - Dazzling Spray        Conj/Hex       ####....     1%          3    None


Dungeon Overview and Level Annotations

Branches:
Dungeon (1/1)

Altars:
Cheibriados
Dithmenos
Elyvilon
Fedhas
Gozag
Kikubaaqudgha
Makhleb
Okawaru
Qazlal
Ru
Sif Muna
Xom
Yredelemnul
Beogh
Jiyva
Lugonu

Shops:
D !(:??(*!%?[:[==}

Annotations:
D exclusions: oklob plant and orange crystal statue, Roxanne


Innate Abilities, Weirdness & Mutations

You are tiny and cannot use many weapons and most armour.
You have supernaturally acute eyesight.
You are a herbivore.
You cover ground extremely quickly.
You need consume almost no food.


Message History

You hit the yaktaur.
The yaktaur is severely wounded.
The yaktaur hits you!
* * * LOW HITPOINT WARNING * * *
You hit the yaktaur.
The yaktaur is severely wounded.
You hit the yaktaur.
The yaktaur is severely wounded.
The yaktaur completely misses you.
You hit the yaktaur.
The yaktaur is almost dead.
You hit the yaktaur.
The yaktaur is almost dead.
The yaktaur completely misses you.
You hit the yaktaur.
The yaktaur is almost dead.
You hit the yaktaur.
The yaktaur is almost dead.
The yaktaur hits you!
You die...

.....# +##..# #.
..##.#### +.###
#..#....# ...####
..####..## #..##$#
'###.##..# +..#..#
.####.#..# #..#..#
<.'.##+..####..##c#
.##...#....###..@##▓▓
'###.##......≈≈≈(≈≈≈≈≈≈≈
#.####≈≈...§.§#+########
#..#§≈≈≈≈≈≈..≈#_._.....#
..##≈≈≈≈≈≈≈§.≈#._._....#
'##≈≈≈§≈≈≈≈§§≈#_._._...#
≈≈≈≈≈≈≈§§≈§≈§≈#._._._..#
#+++#≈≈§§§§§§§#_._._.⌠.#
§§≈ ##§§§###≈≈#._._._


You could see a yaktaur.

Vanquished Creatures
  A siren (D)
  3 polar bears (D)
  A blink frog (D)
  Menkaure (D)
  A wasp (D)
  4 necrophages (D)
  4 brain worms (D)
  3 worms (D)
18 creatures vanquished.

Vanquished Creatures (others)
  A crocodile (D)
1 creature vanquished.

Grand Total: 19 creatures vanquished

Notes
Turn   | Place    | Note
--------------------------------------------------------------
     0 | D        | Kidiri the Spriggan Enchanter began the quest for the Orb.
     0 | D        | Reached XP level 1. HP: 9/9 MP: 5/5
     1 | D        | Noticed a siren
     4 | D        | Noticed a brain worm
     4 | D        | Noticed a brain worm
     4 | D        | Noticed a brain worm
     4 | D        | Noticed a brain worm
     7 | D        | Killed a brain worm
     7 | D        | Reached skill level 5 in Dodging
     7 | D        | Reached skill level 7 in Stealth
     7 | D        | Reached skill level 5 in Spellcasting
     7 | D        | Reached XP level 2. HP: 13/13 MP: 6/9
     7 | D        | Reached XP level 3. HP: 16/16 MP: 6/10
    13 | D        | Learned a level 2 spell: Ensorcelled Hibernation
    17 | D        | Learned a level 3 spell: Confuse
    21 | D        | Learned a level 3 spell: Tukima's Dance
    25 | D        | Learned a level 3 spell: Dazzling Spray
    41 | D        | Killed a crocodile
    46 | D        | Killed a brain worm
    46 | D        | Reached skill level 8 in Stealth
    46 | D        | Reached skill level 1 in Conjurations
    46 | D        | Reached skill level 5 in Hexes
    46 | D        | Reached skill level 1 in Ice Magic
    46 | D        | Reached XP level 4. HP: 21/21 MP: 4/12
   108 | D        | Killed a brain worm
   108 | D        | Reached skill level 5 in Short Blades
   108 | D        | Reached skill level 9 in Stealth
   108 | D        | Reached XP level 5. HP: 24/24 MP: 13/15
   110 | D        | Killed a brain worm
   110 | D        | Reached XP level 6. HP: 28/28 MP: 14/17
   139 | D        | Noticed a necrophage
   139 | D        | Noticed a necrophage
   139 | D        | Noticed a necrophage
   139 | D        | Noticed a necrophage
   142 | D        | Killed a necrophage
   142 | D        | Reached skill level 10 in Stealth
   143 | D        | Killed a necrophage
   147 | D        | Killed a necrophage
   147 | D        | Reached skill level 11 in Stealth
   147 | D        | Reached XP level 7. HP: 19/32 MP: 5/19
   243 | D        | Killed a necrophage
   243 | D        | Reached skill level 10 in Dodging
   485 | D        | Killed a siren
   485 | D        | Reached skill level 12 in Stealth
   495 | D        | Noticed Roxanne
   497 | D        | Noticed Menkaure
   498 | D        | Found Ocwaa's Jewellery Shoppe.
   498 | D        | Found Hyic's Gadget Emporium.
   501 | D        | Found Arusamn's Antique Armour Emporium.
   501 | D        | Found Voupriorru's Jewellery Shoppe.
   503 | D        | Found Ruac's Antique Armour Shoppe.
   503 | D        | Found Afoif's Book Emporium.
   506 | D        | Found Venif's Magic Scroll Shoppe.
   541 | D        | Killed Menkaure
   541 | D        | Reached XP level 8. HP: 36/36 MP: 20/22
   560 | D        | Noticed an orange crystal statue
   567 | D        | Noticed a blink frog
   569 | D        | Killed a blink frog
   573 | D        | Found Xeixeov's Food Shoppe.
   575 | D        | Found Suby's Distillery.
   576 | D        | Found Kuokhli's General Store.
   576 | D        | Found Keumabex's Antique Weapon Emporium.
   577 | D        | Noticed a black bear
   581 | D        | Found Maekaq's Magic Scroll Shoppe.
   581 | D        | Found Cyaptorio's Magic Scroll Emporium.
   581 | D        | Noticed a black bear
   581 | D        | Noticed a black bear
   581 | D        | Noticed an oklob plant
   582 | D        | Found Gulel's Antique Weapon Shoppe.
   582 | D        | Found Idizow's Distillery.
   582 | D        | Found Giastrui's Book Shoppe.
   583 | D        | Noticed a redback
   591 | D        | Noticed a hippogriff
   594 | D        | Noticed a hippogriff
   596 | D        | Noticed a redback
   596 | D        | Noticed a flying skull
   597 | D        | Noticed a flying skull
   597 | D        | Noticed a hippogriff
   597 | D        | Noticed a flying skull
   598 | D        | Noticed a flying skull
   598 | D        | Noticed a flying skull
   600 | D        | Noticed a flying skull
   628 | D        | Found a burning altar of Makhleb.
   628 | D        | Found a basalt altar of Yredelemnul.
   629 | D        | Found a corrupted altar of Lugonu.
   629 | D        | Found a blossoming altar of Fedhas.
   629 | D        | Found a sacrificial altar of Ru.
   630 | D        | Found an ancient bone altar of Kikubaaqudgha.
   630 | D        | Found a roughly hewn altar of Beogh.
   630 | D        | Found a deep blue altar of Sif Muna.
   630 | D        | Found an opulent altar of Gozag.
   631 | D        | Found a snail-covered altar of Cheibriados.
   631 | D        | Found an iron altar of Okawaru.
   631 | D        | Found a viscous altar of Jiyva.
   632 | D        | Found a stormy altar of Qazlal.
   632 | D        | Found a shimmering altar of Xom.
   633 | D        | Found a shadowy altar of Dithmenos.
   633 | D        | Found a white marble altar of Elyvilon.
   636 | D        | Noticed a yaktaur
   636 | D        | Noticed a wasp
   636 | D        | Noticed a polar bear
   637 | D        | Noticed a polar bear
   637 | D        | Noticed a polar bear
   660 | D        | Killed a polar bear
   660 | D        | Reached skill level 13 in Stealth
   660 | D        | Reached skill level 10 in Spellcasting
   665 | D        | Killed a polar bear
   669 | D        | Killed a polar bear
   674 | D        | Killed a wasp
   710 | D        | Slain by a yaktaur

Vault maps used:
D:        the_violet_keep_of_menkaure

Action                   |  1- 3 |  4- 6 |  7- 9 || total
-------------------------+-------+-------+-------++-------
Melee: Dagger            |     3 |     4 |   149 ||   156
 Cast: Ensorcelled Hiber |     2 |       |     6 ||     8
       Dazzling Spray    |       |     3 |     2 ||     5
       Confuse           |       |       |    10 ||    10
       Corona            |       |       |     3 ||     3
  Use: Potion            |       |       |     2 ||     2
 Stab: Sleeping          |     2 |     4 |     5 ||    11
       Confused          |       |       |     2 ||     2
       Invisible         |       |       |     1 ||     1
